| TOP OF THE 1ST |
|
Kelowna Heat batting - Pitching for Portland Angels : RHP Carlos Olbera
|
|
Pitching: RHP Carlos Olbera
|
|
|
Batting: RHB Ryan Roberts
|
0-0: Swinging Strike 0-1: Ball 1-1: SINGLE (Line Drive, 78S, EV 99.4 MPH)
|
|
Batting: LHB Mason Duffy
|
0-0: SINGLE (Groundball, 6D, EV 100.0 MPH) Ryan Roberts to second
|
|
Batting: LHB Mike Roberts
|
0-0: Ball 1-0: Ball 2-0: Fielders Choice at 2nd, 4-6 (Groundball, 4, EV 81.2 MPH) Ryan Roberts to third
|
|
Batting: RHB Tony Harper
|
0-0: Swinging Strike 0-1: Ball 1-1: Foul Ball, location: 2F 1-2: Strikes out swinging
|
|
Batting: RHB Zach Maguire
|
0-0: Ball 1-0: Ball 2-0: Ball 3-0: Base on Balls Mike Roberts to second
|
|
Batting: RHB Harry Dickson
|
0-0: Ball 1-0: Ground out 5-3 (Groundball, 56S, EV 79.4 MPH)
|
| Top of the 1st over - 0 runs, 2 hits, 0 errors, 3 left on base; Kelowna 0 - Portland 0 |
| BOTTOM OF THE 1ST |
|
Portland Angels batting - Pitching for Kelowna Heat : LHP Diego Tellez
|
|
Pitching: LHP Diego Tellez
|
|
|
Batting: RHB Dan Myers
|
0-0: Ball 1-0: SINGLE (Line Drive, 89S, EV 96.9 MPH)
|
|
Batting: RHB Carlos Gonzales
|
0-0: Swinging Strike 0-1: Called Strike 0-2: Ball 1-2: Fly out, F7 (Flyball, 7D, EV 103.1 MPH) Runner from 1st tags up, SAFE at 2nd
|
|
Batting: RHB Kyle Gray
|
0-0: Foul Ball, location: 2F 0-1: Ball 1-1: Swinging Strike 1-2: Ground out 5-3 (Groundball, 56S, EV 86.2 MPH)
|
|
Batting: LHB Dave Hicks
|
0-0: Called Strike 0-1: Ball 1-1: Swinging Strike 1-2: Strikes out looking
|
| Bottom of the 1st over - 0 runs, 1 hit, 0 errors, 1 left on base; Kelowna 0 - Portland 0 |
| TOP OF THE 2ND |
|
Kelowna Heat batting - Pitching for Portland Angels : RHP Carlos Olbera
|
|
Batting: RHB Armando Ramirez
|
0-0: Called Strike 0-1: Foul Ball, location: 2F 0-2: Strikes out swinging
|
|
Batting: RHB Vinny Torres
|
0-0: Foul Ball, location: 2F 0-1: SOLO HOME RUN (Flyball, 78XD, EV 115.6 MPH), Distance : 442 ft
|
|
Batting: RHB Tsugio Yamaguchi
|
0-0: Fly out, F9 (Line Drive, 89M, EV 92.5 MPH)
|
|
Batting: RHB Ryan Roberts
|
0-0: Fly out, F8 (Flyball, 8LM, EV 94.4 MPH)
|
| Top of the 2nd over - 1 run, 1 hit, 0 errors, 0 left on base; Kelowna 1 - Portland 0 |
| BOTTOM OF THE 2ND |
|
Portland Angels batting - Pitching for Kelowna Heat : LHP Diego Tellez
|
|
Batting: RHB Aaron Bryant
|
0-0: Ball 1-0: Foul Ball, location: 2F 1-1: Ball 2-1: Reached on error, E2 (Groundball, 13S, EV 62.5 MPH)
|
|
Batting: LHB Ramon Garduno
|
0-0: Foul Ball, location: 2F 0-1: Called Strike 0-2: Hit by Pitch
|
|
Batting: SHB Danny Gelinas
|
0-0: Ball 1-0: Ball 2-0: Foul Ball, location: 2F 2-1: Foul Ball, location: 2F 2-2: Strikes out looking
|
|
Batting: RHB Rory Cobb
|
0-0: Swinging Strike 0-1: Called Strike 0-2: Ball Passed Ball! Aaron Bryant to third Ramon Garduno to second 1-2: Strikes out swinging
|
|
Batting: RHB Jon Shonka
|
0-0: Ball 1-0: Called Strike 1-1: Ball 2-1: DOUBLE (Flyball, 8LD, EV 101.9 MPH) Aaron Bryant scores Ramon Garduno scores
|
|
Batting: RHB Dan Myers
|
0-0: Ball 1-0: Called Strike 1-1: Foul Ball, location: 2F 1-2: Strikes out swinging
|
| Bottom of the 2nd over - 2 runs, 1 hit, 1 error, 1 left on base; Kelowna 1 - Portland 2 |
| TOP OF THE 3RD |
|
Kelowna Heat batting - Pitching for Portland Angels : RHP Carlos Olbera
|
|
Batting: LHB Mason Duffy
|
0-0: Ball 1-0: Fly out, F9 (Flyball, 89S, EV 76.2 MPH)
|
|
Batting: LHB Mike Roberts
|
0-0: Called Strike 0-1: Swinging Strike 0-2: Ball 1-2: Strikes out swinging
|
|
Batting: RHB Tony Harper
|
0-0: Ball 1-0: Fly out, F8 (Flyball, 8LM, EV 80.0 MPH)
|
| Top of the 3rd over - 0 runs, 0 hits, 0 errors, 0 left on base; Kelowna 1 - Portland 2 |
| BOTTOM OF THE 3RD |
|
Portland Angels batting - Pitching for Kelowna Heat : LHP Diego Tellez
|
|
Batting: RHB Carlos Gonzales
|
0-0: Swinging Strike 0-1: Ball 1-1: Called Strike 1-2: Foul Ball, location: 2F 1-2: SINGLE (Groundball, 56D, EV 110.0 MPH)
|
|
Batting: RHB Kyle Gray
|
0-0: Ball Wild Pitch! Carlos Gonzales to second 1-0: Called Strike 1-1: Foul Ball, location: 2F 1-2: Ball 2-2: Ball 3-2: SINGLE (Groundball, 6D, EV 103.1 MPH) Carlos Gonzales to third Runner from 3rd tries for Home, throw by CF and OUT! 8-2 Kyle Gray to second
|
|
Batting: LHB Dave Hicks
|
0-0: Ground out 3-1 (Groundball, 34, EV 83.8 MPH) Kyle Gray to third
|
|
Batting: RHB Aaron Bryant
|
0-0: Called Strike 0-1: Ball 1-1: Swinging Strike 1-2: Foul Ball, location: 2F 1-2: Strikes out swinging
|
| Bottom of the 3rd over - 0 runs, 2 hits, 0 errors, 1 left on base; Kelowna 1 - Portland 2 |
| TOP OF THE 4TH |
|
Kelowna Heat batting - Pitching for Portland Angels : RHP Carlos Olbera
|
|
Batting: RHB Zach Maguire
|
0-0: Fly out, F9 (Flyball, 9LSF, EV 89.4 MPH)
|
|
Batting: RHB Harry Dickson
|
0-0: Ball 1-0: Ground out 6-3 (Groundball, 6, EV 85.6 MPH)
|
|
Batting: RHB Armando Ramirez
|
0-0: Called Strike 0-1: SOLO HOME RUN (Line Drive, 89XD, EV 108.8 MPH), Distance : 417 ft
|
|
Batting: RHB Vinny Torres
|
0-0: Called Strike 0-1: Called Strike 0-2: Strikes out looking
|
| Top of the 4th over - 1 run, 1 hit, 0 errors, 0 left on base; Kelowna 2 - Portland 2 |
| BOTTOM OF THE 4TH |
|
Portland Angels batting - Pitching for Kelowna Heat : LHP Diego Tellez
|
|
Batting: LHB Ramon Garduno
|
0-0: Foul Ball, location: 2F 0-1: SINGLE (Groundball, 5D, EV 99.4 MPH)
|
|
Batting: SHB Danny Gelinas
|
0-0: Called Strike 0-1: Ball 1-1: Called Strike 1-2: Ball 2-2: Ground out 5-3 (Groundball, 56S, EV 85.0 MPH) Ramon Garduno to second
|
|
Batting: RHB Rory Cobb
|
0-0: Ball 1-0: Called Strike Passed Ball! Ramon Garduno to third 1-1: Foul Ball, location: 2F 1-2: Ground out 4-3 (Groundball, 34, EV 90.6 MPH) Ramon Garduno scores
|
|
Batting: RHB Jon Shonka
|
0-0: Swinging Strike 0-1: SINGLE (Groundball, 56D, EV 91.9 MPH) (infield hit)
|
|
Batting: RHB Dan Myers
|
0-0: Called Strike Jon Shonka steals 2nd base 0-1: Ball 1-1: Swinging Strike 1-2: Ball 2-2: Ball 3-2: Foul Ball, location: 2F 3-2: Foul Ball, location: 2F 3-2: Foul Ball, location: 2F 3-2: Strikes out swinging
|
| Bottom of the 4th over - 1 run, 2 hits, 0 errors, 1 left on base; Kelowna 2 - Portland 3 |
| TOP OF THE 5TH |
|
Kelowna Heat batting - Pitching for Portland Angels : RHP Carlos Olbera
|
|
Batting: RHB Tsugio Yamaguchi
|
0-0: SOLO HOME RUN (Flyball, 7LD, EV 90.6 MPH), Distance : 325 ft
|
|
Batting: RHB Ryan Roberts
|
0-0: Ground out U3 (Groundball, 34S, EV 87.5 MPH)
|
|
Batting: LHB Mason Duffy
|
0-0: Ball 1-0: Ball 2-0: Swinging Strike 2-1: Ball 3-1: Foul Ball, location: 2F 3-2: Foul Ball, location: 2F 3-2: Ground out 4-3 (Groundball, 4, EV 104.4 MPH)
|
|
Batting: LHB Mike Roberts
|
0-0: Foul Ball, location: 2F 0-1: Called Strike 0-2: Fly out, F8 (Flyball, 8RD, EV 102.5 MPH)
|
| Top of the 5th over - 1 run, 1 hit, 0 errors, 0 left on base; Kelowna 3 - Portland 3 |
| BOTTOM OF THE 5TH |
|
Portland Angels batting - Pitching for Kelowna Heat : LHP Diego Tellez
|
|
Pitching: LHP Ricky Coats
|
|
|
Batting: RHB Carlos Gonzales
|
0-0: Foul Ball, location: 2F 0-1: Called Strike 0-2: Ground out 4-3 (Groundball, 4, EV 85.6 MPH)
|
|
Batting: RHB Kyle Gray
|
0-0: Called Strike 0-1: Ball 1-1: Ball 2-1: Fly out, F7 (Line Drive, 78M, EV 94.4 MPH)
|
|
Batting: LHB Dave Hicks
|
0-0: Called Strike 0-1: Called Strike 0-2: Ball 1-2: Fly out, F8 (Flyball, 8LXD, EV 106.9 MPH)
|
| Bottom of the 5th over - 0 runs, 0 hits, 0 errors, 0 left on base; Kelowna 3 - Portland 3 |
| TOP OF THE 6TH |
|
Kelowna Heat batting - Pitching for Portland Angels : RHP Carlos Olbera
|
|
Batting: RHB Tony Harper
|
0-0: Called Strike 0-1: Foul Ball, location: 2F 0-2: SINGLE (Groundball, 56D, EV 105.6 MPH)
|
|
Batting: RHB Zach Maguire
|
0-0: Foul Ball, location: 2F 0-1: 2-RUN HOME RUN (Flyball, 78XD, EV 98.8 MPH), Distance : 386 ft
|
|
Batting: RHB Harry Dickson
|
0-0: Swinging Strike 0-1: Hit by Pitch
|
|
Batting: RHB Armando Ramirez
|
0-0: Called Strike 0-1: Ball 1-1: SINGLE (Line Drive, 7S, EV 94.4 MPH) Harry Dickson to second
|
|
Pitching: RHP Arnaud Derosiers
|
|
|
Batting: RHB Vinny Torres
|
0-0: Called Strike 0-1: Ball 1-1: Ball 2-1: Fly out, F9 (Flyball, 9D, EV 104.4 MPH) Runner from 2nd tags up, SAFE at 3rd, no throw by RF
|
|
Batting: RHB Tsugio Yamaguchi
|
0-0: Ball Armando Ramirez steals 2nd base (no throw) 1-0: Swinging Strike 1-1: Foul Ball, location: 2F 1-2: Fly out, F7 (Flyball, 78M, EV 77.5 MPH) Runner from 3rd tags up, SCORES, throw by LF
|
|
Batting: RHB Ryan Roberts
|
0-0: Called Strike 0-1: Ball 1-1: Fly out, F9 (Line Drive, 89M, EV 92.5 MPH)
|
| Top of the 6th over - 3 runs, 3 hits, 0 errors, 1 left on base; Kelowna 6 - Portland 3 |
| BOTTOM OF THE 6TH |
|
Portland Angels batting - Pitching for Kelowna Heat : LHP Ricky Coats
|
|
Batting: RHB Aaron Bryant
|
0-0: Called Strike 0-1: Ball 1-1: Ground out 4-3 (Groundball, 4, EV 88.8 MPH)
|
|
Batting: LHB Ramon Garduno
|
0-0: Called Strike 0-1: Swinging Strike 0-2: Strikes out swinging
|
|
Batting: SHB Danny Gelinas
|
0-0: SOLO HOME RUN (Flyball, 78XD, EV 106.2 MPH), Distance : 407 ft
|
|
Batting: RHB Rory Cobb
|
0-0: Ball 1-0: Called Strike 1-1: Ground out U3 (Groundball, 3, EV 101.2 MPH)
|
| Bottom of the 6th over - 1 run, 1 hit, 0 errors, 0 left on base; Kelowna 6 - Portland 4 |
| TOP OF THE 7TH |
|
Kelowna Heat batting - Pitching for Portland Angels : RHP Arnaud Derosiers
|
|
Batting: LHB Mason Duffy
|
0-0: Foul Ball, location: 2F 0-1: Ball 1-1: Ball 2-1: Swinging Strike 2-2: Ball 3-2: SINGLE (Groundball, 4M, EV 95.6 MPH)
|
|
Batting: LHB Mike Roberts
|
0-0: Called Strike Balk! Mason Duffy to second 0-1: Foul Ball, location: 2F 0-2: Foul Ball, location: 2F 0-2: Ball 1-2: Ball 2-2: Ball 3-2: Intentional Walk
|
|
Batting: RHB Tony Harper
|
0-0: Foul Ball, location: 2F 0-1: Ball 1-1: Ball 2-1: Foul Ball, location: 2F 2-2: Ball 3-2: Base on Balls Mason Duffy to third Mike Roberts to second
|
|
Batting: RHB Zach Maguire
|
0-0: Ball 1-0: Foul Ball, location: 2F 1-1: SINGLE (Line Drive, 34D, EV 94.4 MPH) Mason Duffy scores Mike Roberts to third Tony Harper to second Runner from 3rd tries for Home, throw by RF and OUT! 9-2 Tony Harper to third Zach Maguire to second
|
|
Batting: RHB Harry Dickson
|
0-0: Intentional Walk
|
|
Batting: RHB Armando Ramirez
|
0-0: Called Strike 0-1: Foul Ball, location: 2F 0-2: Foul Ball, location: 2F 0-2: Ball 1-2: Ball 2-2: Reached on error, E4 (Groundball, 4S, EV 65.6 MPH) Tony Harper scores Zach Maguire to third Harry Dickson to second
|
|
Batting: RHB Vinny Torres
|
0-0: Ball 1-0: Called Strike 1-1: GRAND SLAM HOME RUN (Flyball, 89XD, EV 101.9 MPH), Distance : 367 ft
|
|
Batting: RHB Tsugio Yamaguchi
|
0-0: Called Strike 0-1: SOLO HOME RUN (Line Drive, 9D, EV 95.6 MPH), Distance : 355 ft
|
|
Batting: RHB Ryan Roberts
|
0-0: SINGLE (Groundball, 4MD, EV 98.1 MPH)
|
|
Batting: LHB Mason Duffy
|
0-0: Fly out, F8 (Flyball, 8LD, EV 94.4 MPH)
|
|
Batting: LHB Mike Roberts
|
0-0: Ball 1-0: Ball 2-0: Ball 3-0: Base on Balls Ryan Roberts to second
|
|
Batting: RHB Tony Harper
|
0-0: 3-RUN HOME RUN (Flyball, 7LD, EV 93.8 MPH), Distance : 349 ft
|
|
Pitching: RHP Brendan Garoutte
|
|
|
Batting: RHB Zach Maguire
|
0-0: Called Strike 0-1: Ball 1-1: Ball 2-1: Called Strike 2-2: Strikes out looking
|
| Top of the 7th over - 10 runs, 6 hits, 1 error, 0 left on base; Kelowna 16 - Portland 4 |
| BOTTOM OF THE 7TH |
|
Portland Angels batting - Pitching for Kelowna Heat : LHP Ricky Coats
|
|
Pinch Hitting: RHB Mario Martinez
|
0-0: Ball 1-0: Swinging Strike 1-1: Swinging Strike 1-2: Ball 2-2: Foul Ball, location: 2F 2-2: Ball 3-2: Foul Ball, location: 2F 3-2: Foul Ball, location: 2F 3-2: Fly out, F7 (Flyball, 7, EV 83.8 MPH)
|
|
Batting: RHB Dan Myers
|
0-0: Ball 1-0: Ball 2-0: Ball 3-0: Called Strike 3-1: Called Strike 3-2: Base on Balls
|
|
Pitching: RHP Jonathan Fritzinger
|
|
|
Pinch Hitting: RHB Dan Thomey
|
0-0: Ball Dan Myers steals 2nd base (no throw) 1-0: Swinging Strike 1-1: Fly out, F2 (Popup, 3SF, EV 80.0 MPH)
|
|
Batting: RHB Kyle Gray
|
0-0: Ball 1-0: Ball Wild Pitch! Dan Myers to third 2-0: Foul Ball, location: 2F 2-1: Called Strike 2-2: Foul Ball, location: 2F 2-2: Fly out, F7 (Flyball, 7, EV 96.2 MPH)
|
| Bottom of the 7th over - 0 runs, 0 hits, 0 errors, 1 left on base; Kelowna 16 - Portland 4 |
| TOP OF THE 8TH |
|
Kelowna Heat batting - Pitching for Portland Angels : RHP Brendan Garoutte
|
|
Now at 2B: Dave Hicks
|
|
|
Now at SS: Mario Martinez
|
|
|
Now in CF: Noah Pena
|
|
|
Pinch Hitting: LHB Kuan Hsia
|
0-0: Called Strike 0-1: Foul Ball, location: 2F 0-2: Ball 1-2: Strikes out swinging
|
|
Batting: RHB Armando Ramirez
|
0-0: Fly out, F8 (Flyball, 78M, EV 83.8 MPH)
|
|
Batting: RHB Vinny Torres
|
0-0: Called Strike 0-1: Ball 1-1: Swinging Strike 1-2: Ball 2-2: Ball 3-2: Base on Balls
|
|
Batting: RHB Tsugio Yamaguchi
|
0-0: Called Strike 0-1: Foul Ball, location: 2F 0-2: Fly out, F8 (Flyball, 8RXD, EV 81.2 MPH)
|
| Top of the 8th over - 0 runs, 0 hits, 0 errors, 1 left on base; Kelowna 16 - Portland 4 |
| BOTTOM OF THE 8TH |
|
Portland Angels batting - Pitching for Kelowna Heat : RHP Jonathan Fritzinger
|
|
Now in LF: Kuan Hsia
|
|
|
Now in CF: Vinny Torres
|
|
|
Batting: LHB Dave Hicks
|
0-0: Ball 1-0: Ball 2-0: Foul Ball, location: 2F 2-1: SOLO HOME RUN (Flyball, 9LD, EV 91.9 MPH), Distance : 339 ft
|
|
Batting: RHB Aaron Bryant
|
0-0: Called Strike 0-1: Ball 1-1: Foul Ball, location: 2F 1-2: SOLO HOME RUN (Flyball, 7D, EV 95.6 MPH), Distance : 356 ft
|
|
Batting: LHB Ramon Garduno
|
0-0: Fly out, F3 (Popup, 3SF, EV 62.5 MPH)
|
|
Batting: SHB Danny Gelinas
|
0-0: Foul Ball, location: 2F 0-1: Foul Ball, location: 2F 0-2: Hit by Pitch
|
|
Pinch Hitting: SHB Adrian Orosco
|
0-0: Called Strike Passed Ball! Danny Gelinas to second 0-1: Called Strike 0-2: Foul Ball, location: 2F 0-2: SINGLE (Flyball, 8LS, EV 91.9 MPH) Danny Gelinas to third Runner from 3rd tries for Home, SAFE, throw by CF to home
|
|
Pitching: LHP Jason Haas
|
|
|
Batting: RHB Mario Martinez
|
0-0: Called Strike 0-1: Swinging Strike 0-2: Ball 1-2: Ball 2-2: Strikes out looking
|
|
Batting: RHB Dan Myers
|
0-0: Ball 1-0: Ball 2-0: Called Strike 2-1: Foul Ball, location: 2F 2-2: Ball 3-2: Base on Balls Adrian Orosco to second
|
|
Batting: RHB Noah Pena
|
0-0: Called Strike 0-1: Ball 1-1: Swinging Strike 1-2: Fly out, F9 (Flyball, 89D, EV 95.6 MPH)
|
| Bottom of the 8th over - 3 runs, 3 hits, 0 errors, 2 left on base; Kelowna 16 - Portland 7 |
| TOP OF THE 9TH |
|
Kelowna Heat batting - Pitching for Portland Angels : RHP Brendan Garoutte
|
|
Now in RF: Bill Girton
|
|
|
Batting: RHB Ryan Roberts
|
0-0: Ball 1-0: Fly out, F8 (Flyball, 8RM, EV 90.6 MPH)
|
|
Batting: LHB Mason Duffy
|
0-0: Fly out, F9 (Flyball, 89M, EV 83.8 MPH)
|
|
Batting: LHB Mike Roberts
|
0-0: Ball 1-0: Ball 2-0: Foul Ball, location: 2F 2-1: Ball 3-1: Base on Balls
|
|
Batting: RHB Tony Harper
|
0-0: Ground out U3 (Groundball, 34S, EV 91.2 MPH)
|
| Top of the 9th over - 0 runs, 0 hits, 0 errors, 1 left on base; Kelowna 16 - Portland 7 |
| BOTTOM OF THE 9TH |
|
Portland Angels batting - Pitching for Kelowna Heat : LHP Jason Haas
|
|
Batting: RHB Kyle Gray
|
0-0: Called Strike 0-1: Foul Ball, location: 2F 0-2: Foul Ball, location: 2F 0-2: Ball 1-2: Strikes out looking
|
|
Batting: LHB Dave Hicks
|
0-0: Ball 1-0: Fly out, F8 (Flyball, 78S, EV 82.5 MPH)
|
|
Batting: RHB Aaron Bryant
|
0-0: DOUBLE (Flyball, 78D, EV 101.2 MPH)
|
|
Batting: LHB Ramon Garduno
|
0-0: Ball 1-0: Foul Ball, location: 2F 1-1: Called Strike 1-2: Ball Passed Ball! Aaron Bryant to third 2-2: Strikes out swinging
|
| Bottom of the 9th over - 0 runs, 1 hit, 0 errors, 1 left on base; Kelowna 16 - Portland 7 |
|